Map: Thunderbird LE

Players

MaSa - Winner!

  • Race: Terran Terran
  • Spawn Location: 5:00

Cham

  • Race: Zerg Zerg
  • Spawn Location: 11:00

Event: 2019 WCS Summer

VOD

Have the link to the VOD?

Description

Time

  • Played on: July 12, 2019, 3:38 p.m.
  • Length: 16:48

All games in this series

Show
View Real Time Build Order
Export as new Build Order

MaSa Terran - Winner!

Build Orders: Reaper Expand 

Get SALT Encoding   

  12  0:00  SCV  
  13  0:12  SCV  
  14  0:17  Supply Depot  
  14  0:24  SCV  
  15  0:38  SCV  
  15  0:39  Barracks  
  16  0:43  Refinery  
  16  0:50  SCV  
  17  1:02  SCV  
  18  1:15  SCV  
  19  1:25  Reaper  
  19  1:27  Orbital Command  
  20  1:39  Command Center  
  20  1:47  Supply Depot  
  20  1:52  SCV  
  21  1:57  Marine  
  22  2:04  SCV  
  22  2:07  Factory  
  23  2:15  Marine  
  24  2:16  SCV  
  25  2:28  SCV  
  26  2:35  Command Center  
  26  2:37  Barracks Reactor  
  26  2:41  SCV  
  27  2:51  Refinery  
  27  2:53  SCV  
  27  2:55  Orbital Command  
  28  3:05  SCV  
  29  3:06  Starport  
  29  3:14  Marine x2  
  29  3:17  SCV  
  32  3:22  SCV  
  33  3:29  SCV  
  33  3:32  Marine x2  
  36  3:35  SCV  
  36  3:36  Hellion  
  39  3:41  SCV  
  39  3:42  Viking  
  39  3:47  SCV  
  43  3:51  Refinery  
  43  3:52  Fusion Core  
  43  3:53  Refinery, SCV  
  44  3:58  Orbital Command  
  44  4:00  SCV  
  45  4:07  SCV  
  45  4:08  Supply Depot  
  46  4:12  Starport Tech Lab, SCV  
  46  4:14  Barracks Tech Lab  
  47  4:19  SCV, Hellion  
  47  4:22  Hellion  
  52  4:24  SCV  
  52  4:25  SCV  
  52  4:31  SCV  
  55  4:35  Supply Depot  
  55  4:36  SCV  
  57  4:43  SCV  
  57  4:45  Orbital Command  
  57  4:47  Battlecruiser  
  57  4:48  SCV  
  66  4:53  Hellion  
  66  4:55  SCV  
  66  4:58  Weapon Refit  
  67  5:00  SCV  
  67  5:02  Supply Depot  
  70  5:07  SCV  
  70  5:09  Stimpack, Marine  
  70  5:11  SCV  
  70  5:13  SCV  
  74  5:19  SCV  
  74  5:20  Barracks  
  73  5:22  Barracks  
  73  5:23  SCV  
  73  5:25  Factory Reactor, Supply Depot  
  75  5:28  SCV  
  75  5:31  Marine  
  75  5:32  SCV  
  77  5:36  SCV  
  77  5:39  Engineering Bay  
  77  5:40  SCV  
  77  5:41  Engineering Bay  
  79  5:44  SCV  
  79  5:48  SCV  
  79  5:49  Marine, Supply Depot x2  
  82  5:54  Battlecruiser  
  82  5:57  SCV x2  
  90  5:59  Refinery  
  90  6:01  SCV  
  91  6:07  Marine  
  91  6:09  SCV  
  91  6:10  Marine  
  94  6:11  SCV  
  94  6:15  Barracks  
  94  6:17  Barracks, SCV  
  94  6:18  Factory Reactor  
  96  6:19  Marine  
  96  6:20  Marine x2  
  96  6:24  SCV  
  96  6:25  Marine, SCV  
  102  6:30  SCV  
  103  6:34  Marine  
  103  6:36  SCV  
  103  6:37  Marine x2, SCV  
  108  6:42  SCV  
  108  6:46  Refinery  
  109  6:47  Command Center  
  109  6:50  Factory  
  109  6:53  Supply Depot x2  
  109  7:01  Factory Reactor  
  109  7:06  Barracks Reactor, Supply Depot  
  109  7:07  Barracks Reactor, Supply Depot  
  109  7:08  Terran Infantry Weapons Level 1, Terran Infantry Armor Level 1  
  109  7:15  Marine x5, SCV x3  
  117  7:22  Missile Turret  
  117  7:23  Missile Turret  
  117  7:24  Medivac x2  
  117  7:27  SCV x3  
  117  7:29  Missile Turret, Supply Depot  
  124  7:31  Supply Depot  
  124  7:32  Marine x5  
  124  7:34  Combat Shield  
  123  7:39  SCV x3  
  123  7:41  Supply Depot  
  123  7:43  Factory Tech Lab  
  123  7:44  Armory  
  126  7:46  Marine x4  
  126  7:50  Marine x5  
  135  7:51  SCV x3  
  135  7:52  Supply Depot  
  135  7:54  Medivac x2  
  135  7:55  Supply Depot  
  140  8:02  Widow Mine x3  
  140  8:03  SCV, Supply Depot  
  140  8:04  Supply Depot  
  146  8:05  SCV  
  146  8:08  Marine x3  
  146  8:09  Marine x2  
  152  8:13  Supply Depot  
  152  8:23  Widow Mine  
  152  8:24  SCV, Medivac x2  
  159  8:27  Widow Mine  
  159  8:33  Refinery  
  161  8:35  Terran Vehicle And Ship Armor Level 1  
  161  8:36  Drilling Claws, Missile Turret x2  
  161  8:42  Marauder, Marine x4  
  161  8:43  Marine x3  
  161  8:44  Marine  
  161  8:47  Planetary Fortress  
  171  8:51  Thor  
  171  8:54  Medivac  
  179  9:00  Marine x5  
  179  9:01  Marine  
  179  9:02  Marine x2  
  181  9:03  Marine  
  181  9:05  Widow Mine  
  142  9:17  Marine  
  142  9:18  Marine x4, Widow Mine  
  142  9:19  Marine  
  142  9:20  Marine x2  
  142  9:22  Marauder, Medivac  
  156  9:24  SCV  
  156  9:27  Widow Mine  
  149  9:34  SCV x2  
  149  9:35  Marine x3  
  149  9:36  Marine x2  
  149  9:37  Marine  
  149  9:38  Marine x2  
  157  9:43  Marauder, Medivac  
  158  9:52  Medivac  
  160  9:53  Marine x4  
  160  9:54  Barracks x2, Marine x2  
  160  9:57  Widow Mine x2  
  160  9:58  Thor  
  160  9:59  Marine  
  164  10:03  Marine  
  164  10:04  Marine  
  153  10:11  Marine x2  
  153  10:13  Medivac  
  149  10:15  Marine x3  
  149  10:19  Concussive Shells, Marine  
  153  10:21  Marine x2  
  153  10:22  Marauder, Medivac  
  159  10:30  Marine  
  159  10:32  Marine  
  127  10:43  Medivac  
  127  10:44  Marine x4, Marauder  
  127  10:45  Marine x2  
  127  10:46  Thor, Widow Mine x2  
  135  10:50  Marine x2  
  135  10:51  Marine x2, Command Center  
  135  10:52  Medivac  
  136  11:02  Marine x2  
  136  11:05  Marine  
  136  11:07  Marine x2  
  136  11:11  Marine x3  
  135  11:13  Medivac  
  135  11:15  Barracks Tech Lab x2  
  135  11:17  Terran Infantry Weapons Level 2, Terran Infantry Armor Level 2  
  139  11:19  Terran Vehicle And Ship Armor Level 2  
  139  11:22  Medivac  
  141  11:26  Marine  
  141  11:27  Marauder, Marine x4  
  141  11:28  Marine  
  141  11:29  Marine  
  141  11:30  Marine  
  141  11:32  Widow Mine  
  153  11:34  Widow Mine  
  157  11:43  Medivac  
  157  11:44  Marine x3  
  157  11:45  Thor, Marine x3  
  157  11:46  Marauder  
  171  11:47  Marine x2  
  171  11:48  Marauder  
  171  11:52  Marine, Medivac  
  178  12:01  Command Center  
  174  12:02  Marine x3  
  174  12:03  Marine x2  
  174  12:04  Marauder  
  174  12:05  Marine x2  
  174  12:07  Marauder  
  185  12:09  Marine  
  185  12:10  Marine  
  189  12:16  Widow Mine x2  
  189  12:20  Marine x3  
  189  12:21  Marine x2  
  190  12:22  Marine  
  190  12:23  Marine  
  190  12:25  Marauder  
  190  12:27  Marine  
  190  12:28  Marauder, Marine  
  171  12:37  Widow Mine  
  171  12:38  Marine x3  
  171  12:39  Marine x2, Widow Mine  
  171  12:40  Thor, Marine x2  
  186  12:45  Marine  
  186  12:46  Marine x2  
  186  12:49  Marine  
  190  12:52  Planetary Fortress  
  190  12:55  Marine  
  190  12:56  Marine x3  
  190  12:57  Marine  
  164  12:58  Marine x2  
  164  13:03  Marine, Marauder  
  164  13:04  Marauder  
  157  13:08  Marauder  
  142  13:13  Marine x3  
  142  13:14  Marine x2  
  142  13:16  Marine x2  
  142  13:19  Medivac x2  
  134  13:21  Marine, SCV x2  
  134  13:24  Marauder  
  134  13:25  Marine  
  141  13:27  Widow Mine x2  
  141  13:28  Marine  
  141  13:31  Marine x3  
  141  13:32  Marine x2  
  141  13:33  Barracks, Ghost Academy  
  141  13:34  Marine x2, Missile Turret  
  149  13:39  Marine  
  149  13:42  Thor  
  149  13:43  SCV x2  
  149  13:44  Marauder  
  149  13:46  Marine, Marauder  
  162  13:48  Widow Mine  
  162  13:49  Marine x3, Medivac  
  162  13:50  Marine x2  
  162  13:52  Marine x2, Terran Infantry Armor Level 3  
  171  13:58  Terran Infantry Weapons Level 3  
  171  13:59  Terran Vehicle Weapons Level 1  
  171  14:05  Marauder  
  173  14:11  Marauder, Marine x2  
  173  14:12  Marine x5  
  173  14:13  Marine  
  166  14:18  Marauder  
  166  14:22  Planetary Fortress  
  166  14:23  SCV  
  160  14:25  Marine  
  160  14:29  Marine x2  
  163  14:33  Marauder, Command Center  
  165  14:41  Marauder, Marine  
  165  14:43  Marine  
  165  14:44  Marine x3  
  170  14:48  Marine x2  
  169  14:54  Missile Turret  
  169  14:55  Marauder, Marine x2  
  169  14:57  Missile Turret  
  169  14:59  Marine  
  174  15:01  Marine  
  174  15:02  Marine x3  
  174  15:03  Marauder  
  180  15:12  Marine  
  180  15:13  Marine x3  
  183  15:16  Marine x2  
  183  15:19  Marine  
  183  15:20  Marine x3  
  171  15:24  Marine  
  172  15:30  Marine x3, Medivac  
  172  15:31  Marine, Medivac  
  172  15:34  Marine x2  
  179  15:37  Marine  
  179  15:38  Marine x3  
  179  15:41  Widow Mine x2, Ghost  
  179  15:42  Widow Mine  
  191  15:48  Marine x3, Ghost  
  196  15:51  Ghost  
  196  15:52  Marine  
  196  15:55  Marine  
  200  15:58  Marine x3  
  200  16:02  SCV  
  188  16:06  Marine x3  
  188  16:10  Marine, Ghost  
  177  16:12  Marine, SCV  
  177  16:16  Marine x2  
  177  16:17  Marauder  
  170  16:19  Marine  
  170  16:21  Marauder  
  151  16:28  Marine x3  
  147  16:34  SCV x2  
Show
View Real Time Build Order
Export as new Build Order

Cham Zerg 

Build Orders: Hatch First, Muta Ling Bane 

Get SALT Encoding   

  12  0:00  Drone  
  13  0:08  Drone  
  14  0:17  Overlord  
  14  0:35  Drone  
  14  0:36  Drone  
  16  0:47  Hatchery  
  15  0:51  Drone  
  15  0:55  Drone  
  17  0:58  Drone  
  18  1:09  Extractor  
  17  1:13  Spawning Pool  
  17  1:17  Drone  
  17  1:20  Drone  
  18  1:31  Drone  
  19  1:41  Drone  
  20  1:52  Overlord  
  20  1:59  Queen  
  20  2:00  Zergling x2, Queen  
  25  2:02  Zergling x2  
  26  2:25  Hatchery  
  26  2:29  Drone  
  26  2:31  Drone  
  26  2:35  Drone  
  28  2:37  Pneumatized Carapace  
  28  2:39  Drone  
  28  2:47  Queen  
  30  2:53  Overlord  
  30  3:00  Metabolic Boost  
  30  3:02  Drone  
  30  3:04  Drone  
  32  3:05  Drone  
  32  3:09  Drone  
  32  3:10  Drone  
  35  3:15  Drone x2  
  35  3:17  Drone  
  38  3:26  Overlord  
  38  3:27  Drone x2  
  38  3:30  Drone  
  38  3:32  Drone  
  42  3:38  Queen  
  44  3:44  Zergling x8  
  44  3:47  Zergling x2  
  49  3:52  Overlord  
  49  4:01  Overlord  
  49  4:07  Overlord  
  49  4:10  Zergling x4  
  49  4:11  Zergling x12  
  57  4:20  Drone x4  
  57  4:21  Drone  
  62  4:26  Overlord  
  62  4:30  Lair, Overlord  
  62  4:31  Drone  
  62  4:35  Overlord  
  62  4:37  Drone x2  
  65  4:47  Drone  
  65  4:48  Drone x6  
  72  4:58  Drone x3  
  72  4:59  Drone x2  
  74  5:02  Extractor, Baneling Nest  
  74  5:05  Drone  
  74  5:06  Drone x4  
  77  5:10  Drone x4  
  81  5:15  Queen, Extractor  
  81  5:16  Extractor  
  81  5:17  Queen  
  83  5:22  Overlord  
  83  5:24  Drone x4  
  87  5:30  Drone  
  87  5:32  Spire  
  87  5:35  Drone x2, Extractor x2  
  87  5:37  Overlord  
  87  5:39  Drone x3  
  90  5:43  Drone  
  90  5:47  Zergling x2  
  90  5:48  Zergling x12  
  98  5:55  Hatchery  
  97  5:59  Evolution Chamber  
  97  6:00  Evolution Chamber  
  97  6:01  Baneling x5  
  97  6:02  Baneling x2  
  92  6:23  Drone x6  
  96  6:33  Drone x3  
  96  6:34  Drone  
  96  6:35  Overlord  
  96  6:37  Overlord  
  96  6:39  Zerg Ground Armor Level 1, Zerg Melee Weapons Level 1  
  96  6:48  Drone, Overlord  
  96  6:54  Mutalisk x4  
  97  6:56  Overlord x2  
  106  7:01  Drone x6  
  106  7:07  Mutalisk  
  106  7:08  Mutalisk  
  113  7:10  Queen  
  106  7:23  Mutalisk x2  
  106  7:28  Drone  
  106  7:29  Drone x9  
  120  7:36  Extractor x2  
  120  7:37  Mutalisk  
  118  7:38  Overlord  
  118  7:40  Drone x3  
  123  7:44  Queen  
  123  7:48  Overlord  
  126  7:51  Drone x2  
  126  7:52  Overlord  
  126  7:53  Mutalisk x2  
  126  7:56  Mutalisk  
  133  8:01  Zergling x2  
  132  8:06  Mutalisk  
  132  8:07  Overlord  
  132  8:08  Zergling x2  
  132  8:11  Mutalisk  
  137  8:17  Overlord  
  137  8:18  Overlord  
  137  8:19  Mutalisk x2  
  141  8:21  Zergling x4  
  141  8:24  Hatchery  
  141  8:26  Zergling x2  
  143  8:27  Centrifical Hooks  
  143  8:28  Zergling x8  
  143  8:29  Zergling x4  
  143  8:30  Baneling x2  
  149  8:34  Zergling x2  
  149  8:35  Zergling x4  
  149  8:36  Baneling  
  149  8:37  Baneling x4  
  149  8:38  Zergling x2  
  149  8:39  Zergling x4  
  156  8:41  Zergling x2  
  156  8:43  Zerg Melee Weapons Level 2  
  156  8:45  Baneling x4  
  156  8:48  Zergling x2  
  157  8:50  Zergling x4  
  157  8:51  Baneling  
  157  8:52  Baneling x4  
  157  8:53  Zergling x6  
  162  8:58  Zergling x2  
  162  8:59  Zergling x2  
  161  9:03  Zergling x2  
  161  9:06  Zergling x16  
  163  9:14  Mutalisk x3  
  140  9:18  Zergling x4  
  140  9:23  Zerg Ground Armor Level 2  
  140  9:24  Infestation Pit, Drone x2  
  138  9:30  Mutalisk x2  
  134  9:32  Zergling x4  
  134  9:33  Zergling x4  
  134  9:36  Baneling  
  134  9:37  Baneling x5, Zergling x4  
  138  9:38  Zergling x2  
  138  9:45  Mutalisk x2  
  129  9:47  Zergling x4  
  129  9:48  Queen  
  133  9:56  Mutalisk  
  133  9:57  Mutalisk  
  133  9:58  Zergling x6  
  133  9:59  Zergling x12  
  143  10:00  Mutalisk  
  143  10:04  Zergling x2  
  139  10:10  Baneling x4, Zergling x2  
  139  10:11  Zergling x14  
  140  10:15  Mutalisk  
  140  10:19  Baneling  
  140  10:20  Baneling x7, Zergling x8  
  140  10:21  Zergling x4  
  145  10:24  Zergling x6  
  137  10:30  Mutalisk  
  137  10:32  Zergling x10  
  129  10:39  Mutalisk x2  
  128  10:44  Mutalisk  
  128  10:48  Zergling x4  
  124  10:50  Zergling x14  
  124  10:56  Mutalisk x2  
  122  10:58  Zergling x12  
  122  11:03  Hatchery  
  122  11:04  Mutalisk  
  126  11:09  Mutalisk  
  127  11:11  Zergling x2  
  127  11:13  Zergling x2  
  127  11:14  Zergling x2  
  127  11:15  Zergling x4, Extractor x2  
  127  11:17  Zergling x2  
  129  11:19  Baneling x3  
  129  11:20  Baneling x3  
  129  11:22  Zergling x2  
  129  11:23  Zergling x18  
  135  11:27  Baneling  
  135  11:28  Baneling x2  
  135  11:31  Zergling x6  
  135  11:32  Baneling  
  138  11:33  Baneling x5  
  138  11:34  Zergling x2  
  138  11:38  Zergling x4  
  138  11:39  Baneling x4  
  141  11:41  Overseer  
  141  11:42  Zergling x2  
  141  11:44  Zergling x2  
  143  11:49  Zergling x2  
  143  11:51  Zergling x8, Hive  
  143  11:52  Zergling x4  
  143  11:53  Zergling x4  
  151  11:55  Zergling x2  
  151  11:58  Baneling x2  
  151  11:59  Zergling x10  
  156  12:04  Mutalisk x2  
  156  12:06  Zergling x2  
  160  12:15  Mutalisk x3  
  157  12:19  Zergling x16  
  156  12:28  Mutalisk x2  
  150  12:30  Zergling x16  
  150  12:36  Mutalisk x2  
  159  12:38  Zergling x2  
  159  12:43  Mutalisk  
  162  12:46  Zergling x6  
  162  12:47  Zergling x2  
  162  12:48  Baneling x2  
  165  12:56  Mutalisk x2  
  143  13:06  Zergling x4  
  143  13:08  Overseer  
  143  13:10  Mutalisk, Adrenal Glands  
  143  13:12  Zergling x6  
  143  13:13  Zergling x24  
  143  13:15  Zergling x2  
  141  13:21  Mutalisk x2  
  141  13:23  Zergling x14  
  149  13:30  Zergling x6  
  149  13:32  Zergling x2  
  153  13:34  Baneling  
  153  13:35  Baneling x5, Zergling x2  
  153  13:40  Zergling x8  
  158  13:42  Mutalisk x2  
  158  13:43  Zergling x2  
  158  13:45  Zerg Melee Weapons Level 3  
  161  13:50  Zergling x8  
  161  13:51  Zergling x2  
  166  13:57  Zergling x2  
  166  13:58  Zergling x2  
  166  13:59  Zergling x12  
  166  14:00  Zergling x4  
  148  14:17  Mutalisk x6  
  148  14:21  Zergling x4  
  148  14:22  Zergling x8  
  153  14:29  Zergling x10  
  153  14:30  Zergling x2  
  159  14:32  Baneling x3  
  159  14:33  Zergling x2  
  159  14:36  Mutalisk  
  159  14:38  Zergling x4  
  164  14:44  Zergling x2  
  163  14:46  Zergling x4  
  163  14:47  Zergling x2  
  158  14:55  Zergling x16, Ultralisk Cavern  
  158  14:57  Baneling x5  
  165  15:01  Zergling x4  
  164  15:08  Zergling x12  
  164  15:09  Zergling x2  
  156  15:17  Zergling x6  
  156  15:20  Mutalisk x5  
  159  15:22  Zergling x2  
  159  15:25  Zergling x4  
  159  15:27  Zergling x2  
  159  15:30  Zergling x6  
  159  15:34  Baneling x8  
  159  15:35  Baneling x5  
  162  15:38  Baneling x3  
  162  15:39  Baneling x2, Zergling x2  
  163  15:47  Zergling x8  
  163  15:49  Baneling x2  
  165  15:52  Baneling  
  165  15:53  Baneling  
  149  16:04  Zergling x2  
  149  16:09  Baneling x5  
  148  16:11  Zergling x2  
  148  16:12  Zergling x10, Hatchery  
  148  16:13  Baneling x6  
  118  16:28  Zergling x14  
  118  16:29  Baneling  
  118  16:30  Baneling  
Tags
 
Add a new tag
Caveats
  • Supply blocks, unpowered buildings, or Contaminate may cause inaccurate times.
  • Supply counts are checked every 10 seconds.